 Dungeon Crawl Stone Soup version 0.16.2-12-gd0ad4c3 (webtiles) character file.

1369 kroki the Spear-Bearer (level 8, 0/97 HPs)
             Began as a Merfolk Berserker on Feb 22, 2016.
             Was an Elder of Trog.
             Slain by a sky beast (6 damage)
             ... on level 6 of the Dungeon.
             The game lasted 00:05:29 (5522 turns).

kroki the Spear-Bearer (Merfolk Berserker)          Turns: 5522, Time: 00:05:29

Health: 0/97       AC:  7    Str: 22      XL:     8   Next: 65%
Magic:  8/8        EV: 14    Int:  6      God:    Trog [****..]
Gold:   102        SH:  0    Dex: 15 (16) Spells: 0 memorised, 7 levels left

rFire  + . .     SeeInvis .     h - +0 glaive
rCold  . . .     Clarity  .     f - +0 scale mail
rNeg   . . .     SustAb   .     (no shield)
rPois  .         Gourm    .     (no helmet)
rElec  .         Spirit   .     (no cloak)
rCorr  .         Warding  .     q - +0 pair of gloves
rMut   +         Stasis   .     (no boots)
MR     +....                    e - amulet of resist mutation {rMut, !d}
Stlth  ..........               b - ring of protection from magic {MR+, !d}
                                j - ring of protection from fire {rF+, !d}

@: berserking (expiring), very quick, somewhat resistant to hostile
enchantments, extremely unstealthy
A: change form in water, swift swim
a: Burn Spellbooks, Berserk, Trog's Hand, Brothers in Arms, Renounce Religion


You were on level 6 of the Dungeon.
You worshipped Trog.
Trog was greatly pleased with you.
You were not hungry.

You visited 1 branch of the dungeon, and saw 6 of its levels.

You collected 203 gold pieces.
You spent 101 gold pieces at shops.

Inventory:

Hand weapons
 c - a +0 trident
   (You found it on level 3 of the Dungeon)
 h - a +0 glaive (weapon)
   (You took it off an orc warrior on level 4 of the Dungeon)
Armour
 f - a +0 scale mail (worn)
   (You found it on level 2 of the Dungeon)
 q - a +0 pair of gloves (worn)
   (You found it on level 2 of the Dungeon)
 r - a +0 chain mail
   (You found it on level 2 of the Dungeon)
 t - a +0 cloak
   (You found it on level 5 of the Dungeon)
Jewellery
 b - a ring of protection from magic (right hand) {MR+, !d}
   (You found it on level 3 of the Dungeon)
 e - an amulet of resist mutation (around neck) {rMut, !d}
   (You found it on level 1 of the Dungeon)
 j - a ring of protection from fire (left hand) {rF+, !d}
   (You found it on level 2 of the Dungeon)
Magical devices
 g - a wand of confusion (20)
   (You found it on level 3 of the Dungeon)
 o - a wand of magic darts (32)
   (You found it on level 5 of the Dungeon)
Scrolls
 d - 5 scrolls of remove curse
 i - a scroll of noise {!r}
 p - a scroll of amnesia {unknown}
 s - a scroll of recharging
 u - a scroll of identify {unknown}
Potions
 k - 2 potions of haste {unknown}
 l - a potion of brilliance {unknown}
 m - a potion of poison {unknown}
 n - a potion of curing
 v - a potion of ambrosia {unknown}
Comestibles
 a - 2 fruits


   Skills:
 + Level 6.7 Fighting
 * Level 11.2 Polearms
 - Level 1.3 Armour
 + Level 6.8 Dodging


You had 7 spell levels left.
You didn't know any spells.

Dungeon Overview and Level Annotations

Branches:
Dungeon (6/15)
 Temple: D:4-7

Altars:
Elyvilon
Qazlal
Ru
Sif Muna
Xom
The Shining One

Shops:
D:4 **(*


Message History

Done exploring.
Done exploring.
Done exploring.
Done exploring.
Done exploring.
Done exploring.
Done exploring.
Done exploring.
Done exploring.
You see here a short sword.
You see here a stone.
There is a stone staircase leading down here.
You climb downwards.
There is a stone staircase leading up here.
There is a stone staircase leading up here.
Found a stone staircase leading down.
You now have enough gold to buy a tapered fluorescent wand on D:4.
You now have 102 gold pieces (gained 18).
There is a stone staircase leading down here.
A centaur comes into view.
The centaur shouts!
The centaur wields a shortbow.
The centaur shoots an arrow.
The arrow hits you!
A centaur is nearby!
The centaur shoots an arrow.
The arrow hits you!
A sky beast comes into view.
There are monsters nearby!
You are too injured to fight recklessly!
There are monsters nearby!
You are too injured to fight recklessly!
There are monsters nearby!
You are too injured to fight recklessly!
There are monsters nearby!
You are too injured to fight recklessly!
There are monsters nearby!
You are too injured to fight recklessly!
There are monsters nearby!
You are too injured to fight recklessly!
There are monsters nearby!
You are too injured to fight recklessly!
There are monsters nearby!
You are too injured to fight recklessly!
There are monsters nearby!
You are too injured to fight recklessly!
There are monsters nearby!
You are too injured to fight recklessly!
There are monsters nearby!
You are too injured to fight recklessly!
You take 18 damage, and have 47/65 hp.
MASSIVE DAMAGE!!
The centaur shoots an arrow.
The arrow closely misses you.
The centaur shoots an arrow.
The arrow barely misses you.
The centaur shoots an arrow.
The arrow hits you!
You see here an arrow.
You take 13 damage, and have 34/65 hp.
The centaur shoots an arrow.
The arrow closely misses you.
The sky beast hits you but does no damage.
Unknown command.
A red film seems to cover your vision as you go berserk!
You feel yourself moving faster!
You feel mighty!
You feel somewhat more hungry.
The centaur shoots an arrow.
The arrow hits you!
The sky beast flickers out of sight!
Deactivating autopickup; reactivate with Ctrl-A.
Something hits you. Something shocks you.
The centaur shoots an arrow.
The arrow closely misses you.
You now have 36/97 hp.
You closely miss something. Something hits you but does no damage.
The centaur shoots an arrow.
The arrow hits you.
You take 5 damage, and have 31/97 hp.
You closely miss something.
A sky beast appears from thin air!
Reactivating autopickup.
The sky beast closely misses you.
You slash the sky beast!
The centaur shoots an arrow.
The arrow hits you.
* * * LOW HITPOINT WARNING * * *
You take 6 damage, and have 25/97 hp.
The centaur unwields an uncursed shortbow.
The centaur hits you.
* * * LOW HITPOINT WARNING * * *
The sky beast hits you but does no damage.
You take 6 damage, and have 19/97 hp.
You slash the centaur! The centaur hits you.
* * * LOW HITPOINT WARNING * * *
The sky beast flickers out of sight!
Deactivating autopickup; reactivate with Ctrl-A.
Something hits you but does no damage.
You take 5 damage, and have 14/97 hp.
You slice the centaur!!
You kill the centaur!
Trog accepts your kill. Something hits you.
* * * LOW HITPOINT WARNING * * *
Something shocks you.
* * * LOW HITPOINT WARNING * * *
You take 6 damage, and have 8/97 hp.
Things that are here:
an uncursed shortbow; a centaur corpse You barely miss something.
Something hits you but does no damage.
You barely miss something. Something hits you.
* * * LOW HITPOINT WARNING * * *
Something shocks you.
You die...

...###..##
.##....>##
.........###
#.####..[..##
#.# ###.(((##
..#
##......###
..#
#.......(.##
..#
#....###.(.##
.## #....##
##.{@# .#
....##
###...# .#
.## ##...# .#
##... .#
#...# .# ##.
.# ## .#


There were no monsters in sight!

Vanquished Creatures
  Pikel (D:4)
  An orc warrior (D:4)
  A phantom (D:5)
  A centaur (D:6)
  2 ogres (D:4)
  A scorpion (D:5)
  3 orc priests (D:4)
  A hound (D:5)
  6 orc wizards (D:4)
  2 worker ants
  A shadow imp (D:5)
  2 adders
  3 worms
  5 giant geckos
  10 orcs
  A ball python (D:3)
  8 bats
  7 goblins
  8 hobgoblins
  6 jackals
  9 kobolds
  An ooze (D:2)
  A quokka (D:3)
  5 giant cockroaches
  A giant gecko skeleton (D:4)
  7 giant newts
  A quokka skeleton (D:4)
  16 rats
111 creatures vanquished.

Vanquished Creatures (others)
  A slave (D:4)
  A quokka (D:5)
2 creatures vanquished.

Grand Total: 113 creatures vanquished

Notes
Turn   | Place    | Note
--------------------------------------------------------------
     0 | D:1      | kroki, the Merfolk Berserker, began the quest for the Orb.
     0 | D:1      | Reached XP level 1. HP: 18/18 MP: 1/1
   183 | D:1      | Reached XP level 2. HP: 17/24 MP: 2/2
   209 | D:1      | Reached skill level 5 in Polearms
   381 | D:1      | Acquired Trog's second power
   537 | D:1      | Reached XP level 3. HP: 8/30 MP: 3/3
  1051 | D:2      | Reached skill level 4 in Fighting
  1112 | D:2      | Found a glowing golden altar of the Shining One.
  1112 | D:2      | Found a shimmering altar of Xom.
  1139 | D:2      | Found a sacrificial altar of Ru.
  1540 | D:2      | Found a deep blue altar of Sif Muna.
  2026 | D:3      | Reached XP level 4. HP: 34/37 MP: 4/4
  2092 | D:3      | Reached skill level 6 in Polearms
  2145 | D:3      | Reached skill level 3 in Dodging
  2506 | D:3      | Found a stormy altar of Qazlal.
  2733 | D:3      | Reached XP level 5. HP: 43/43 MP: 5/5
  2918 | D:4      | Noticed an ogre
  2921 | D:4      | Noticed a slave
  2930 | D:4      | Noticed Pikel
  2930 | D:4      | Killed an ogre
  2930 | D:4      | Reached skill level 5 in Fighting
  2930 | D:4      | Reached skill level 7 in Polearms
  2930 | D:4      | Reached skill level 4 in Dodging
  2930 | D:4      | Reached XP level 6. HP: 43/51 MP: 6/6
  2944 | D:4      | HP: 11/51 [slave[Pikel] (4)]
  2949 | D:4      | HP: 12/51 [something (3)]
  2957 | D:4      | HP: 9/51 [Pikel/whip of flaming (5)]
  2962 | D:4      | HP: 4/51 [Pikel/whip of flaming (5)]
  2965 | D:4      | Noticed a slave
  2970 | D:4      | Noticed a slave
  2970 | D:4      | Noticed a slave
  2993 | D:4      | HP: 19/76 [Pikel/whip of flaming (1)]
  2996 | D:4      | Killed Pikel
  2996 | D:4      | Reached skill level 9 in Polearms
  2996 | D:4      | Reached skill level 5 in Dodging
  2996 | D:4      | Reached XP level 7. HP: 13/57 MP: 7/7
  3259 | D:4      | Found Dekyaheh's Antique Weapon Shop.
  3280 | D:4      | Noticed an ogre
  3288 | D:4      | Killed an ogre
  3390 | D:4      | Reached skill level 6 in Fighting
  3390 | D:4      | Reached XP level 8. HP: 57/64 MP: 8/8
  3404 | D:4      | Reached skill level 10 in Polearms
  3507 | D:4      | Acquired Trog's third power
  3538 | D:4      | Killed a freed slave
  3633 | D:4      | Noticed an orc warrior
  3651 | D:4      | Killed an orc warrior
  3651 | D:4      | Reached skill level 6 in Dodging
  3711 | D:4      | Found Ewoa's Assorted Antiques.
  3719 | D:4      | Bought a scroll labeled PAOREYXUNE for 26 gold pieces
  3719 | D:4      | Bought a scroll labeled CLOSCH HOWN for 26 gold pieces
  3719 | D:4      | Bought a scroll labeled PAOREYXUNE for 26 gold pieces
  3719 | D:4      | Bought a fuming orange potion for 23 gold pieces
  4020 | D:4      | Found Ynkumpin's Assorted Antiques.
  4131 | D:4      | Found Kliese's General Store.
  4680 | D:5      | Entered Level 5 of the Dungeon
  4805 | D:5      | Found a white marble altar of Elyvilon.
  5086 | D:5      | Reached skill level 11 in Polearms
  5517 | D:6      | HP: 19/97 [centaur (6)]
  5519 | D:6      | HP: 8/97 [something (5)]
  5522 | D:6      | Slain by a sky beast

Action                   |  1- 3 |  4- 6 |  7- 9 || total
-------------------------+-------+-------+-------++-------
Melee: Spear             |   162 |    28 |       ||   190
       Trident           |       |    67 |    58 ||   125
       Glaive            |       |       |    69 ||    69
Invok: Berserk           |     3 |     3 |     4 ||    10
       Trog's Hand       |       |     2 |     1 ||     3
  Use: Scroll            |     5 |       |     2 ||     7
       Potion            |       |     4 |       ||     4
 Stab: Sleeping          |     1 |       |       ||     1
  Eat: Bread ration      |     1 |       |     2 ||     3
       Chunk             |     1 |     1 |     3 ||     5
       Beef jerky        |     1 |       |       ||     1
       Meat ration       |       |     1 |       ||     1

Vault maps used:
D:1:      minmay_arrival_stone_box, minmay_misc_feat_diagonals
D:2:      gammafunk_temple_overflow_elements, lemuel_blue_sif_altar,
          first_bread, hangedman_ru_absence
D:3:      old_standard_altar
D:4:      serial_shops, shop, shop, nicolae_shop_trees, nicolae_shop_stone,
          uniq_pikel
D:5:      elyvilon_altar_4
D:6:      yredelemnul_altar_generic, serial_shops,
          nicolae_shop_temple_entry_statues_fountains, uniq_iyjb, uniq_sigmund

Table legend:
 A = Turns spent in this place as a percentage of turns spent in the entire game.
 B = Non-inter-level travel turns spent in this place as a percentage of non-inter-level travel turns spent in the entire game.
 C = Inter-level travel turns spent in this place as a percentage of turns spent in this place.
 D = Turns resting spent in this place as a percentage of non-inter-level travel turns spent in this place.
 E = Turns spent auto-exploring this place as a percentage of non-inter-level travel turns spent in this place.
 F = Non-inter-level travel turns spent in this place divided by the number of levels of this place that you've seen.
                   A       B       C       D       E      F
               +-------+-------+-------+-------+-------+----------------------
         Total | 100.0 | 100.0 |   0.3 |   2.1 |  11.5 | 475.3
       Dungeon | 100.0 | 100.0 |   0.3 |   2.1 |  11.5 | 475.3
               +-------+-------+-------+-------+-------+----------------------

Table legend:
 A = Kills in this place as a percentage of kills in entire the game.
 B = Kills by you in this place as a percentage of kills by you in the entire game.
 C = Kills by friends in this place as a percentage of kills by friends in the entire game.
 D = Other kills in this place as a percentage of other kills in the entire game.
 E = Experience gained in this place as a percentage of experience gained in the entire game.
 F = Experience gained in this place divided by the number of levels of this place that you have seen.
                   A       B       C       D       E      F
               +-------+-------+-------+-------+-------+----------------------
         Total | 100.0 | 100.0 |  -nan |  -nan | 100.0 | 326.2
       Dungeon | 100.0 | 100.0 |  -nan |  -nan | 100.0 | 326.2
               +-------+-------+-------+-------+-------+----------------------
